 Dungeon Crawl Stone Soup version 0.19.5 (webtiles) character file.

7707 Peloso the Carver (level 11, -3/95 HPs)
             Began as a Minotaur Fighter on May 10, 2017.
             Was a Follower of Okawaru.
             Killed from afar by a manticore (17 damage)
             ... with a volley of spikes
             ... on level 11 of the Dungeon.
             The game lasted 00:18:00 (8299 turns).

Peloso the Carver (Minotaur Fighter)                Turns: 8299, Time: 00:18:02

Health: -3/95      AC: 19    Str: 22    XL:     11   Next: 0%
Magic:  10/10      EV: 10    Int:  5    God:    Okawaru [*.....]
Gold:   407        SH: 12    Dex: 12    Spells: 0 memorised, 10 levels left

rFire  . . .     SeeInvis .     a - +0 long sword
rCold  . . .     Gourm    .     S - +2 plate armour {rPois}
rNeg   . . .     Faith    +     c - +0 shield
rPois  +         Spirit   .     (helmet restricted)
rElec  .         Reflect  .     D - +0 cloak {MR+}
rCorr  .         Harm     .     t - +0 pair of gloves
MR     +....                    (no boots)
Stlth  ..........               r - amulet of faith
                                E - ring of flight
                                l - +2 ring of evasion

@: barbed spikes
A: retaliatory headbutt, horns 2
a: Heroism, Renounce Religion, Evoke Flight


You were on level 11 of the Dungeon.
You worshipped Okawaru.
Okawaru was aware of your devotion.
You were not hungry.

You visited 2 branches of the dungeon, and saw 11 of its levels.

You collected 627 gold pieces.
You spent 220 gold pieces at shops.

Inventory:

Hand Weapons
 a - a +0 long sword (weapon)
 Q - a cursed -1 dagger
 W - a cursed -2 short sword
Armour
 c - a +0 shield (worn)
 n - a +0 chain mail
 t - a +0 pair of gloves (worn)
 D - a +0 cloak of magic resistance (worn)
 S - a +2 plate armour of poison resistance (worn)
Jewellery
 l - a +2 ring of evasion (left hand)
 r - an amulet of faith (around neck)
 C - a +1 ring of protection
 E - a ring of flight (right hand)
 F - a +3 ring of evasion
Wands
 M - a wand of flame (26/48)
 N - a wand of iceblast (0/15)
 P - a wand of flame (20/48)
 T - a wand of disintegration (5/24)
 V - a wand of acid (4/15)
 X - a wand of acid (4/15)
Scrolls
 e - 2 scrolls of random uselessness {unknown}
 k - 4 scrolls of teleportation {unknown}
 s - 3 scrolls of recharging {unknown}
 u - 8 scrolls of identify {unknown}
 A - 4 scrolls of enchant weapon {unknown}
 B - 2 scrolls of immolation {unknown}
 G - a scroll of magic mapping {unknown}
 H - 2 scrolls of noise {unknown}
 I - 2 scrolls of remove curse {unknown}
 J - a scroll of amnesia {unknown}
 O - 2 scrolls of blinking {unknown}
 R - a scroll of enchant armour {unknown}
Potions
 b - 2 potions of curing
 d - 5 potions of might
 g - 2 potions of agility {unknown}
 h - 4 potions of brilliance {unknown}
 j - a potion of degeneration {unknown}
 m - a potion of beneficial mutation {unknown}
 o - a potion of ambrosia {unknown}
 p - a potion of flight {unknown}
 q - 2 potions of resistance {unknown}
 v - 2 potions of cure mutation {unknown}
 w - a potion of invisibility {unknown}
 x - 2 potions of heal wounds {unknown}
 z - a potion of lignification {unknown}
 L - a potion of mutation {unknown}
Books
 y - a book of Changes

   Spells                             Type                      Level
   a - Beastly Appendage              Transmutation                1
   b - Sticks to Snakes               Transmutation                2
   c - Spider Form                    Transmutation/Poison         3
   d - Ice Form                       Ice/Transmutation            4
   e - Blade Hands                    Transmutation                5
 U - a book of Callings

   Spells                             Type                      Level
   a - Summon Small Mammal            Summoning                    1
   b - Call Imp                       Summoning                    2
   c - Call Canine Familiar           Summoning                    3
   d - Summon Guardian Golem          Hexes/Summoning              3
   e - Summon Lightning Spire         Summoning/Air                4
   f - Summon Ice Beast               Ice/Summoning                4
Comestibles
 f - 5 bread rations
 i - 7 meat rations
 K - 2 beef jerkies


   Skills:
 + Level 8.5 Fighting
 + Level 12.1 Long Blades
 + Level 9.5 Armour
 + Level 4.0 Dodging
 + Level 1.1 Stealth
 + Level 10.7 Shields


You had 10 spell levels left.
You didn't know any spells.

Dungeon Overview and Level Annotations

Branches:
Dungeon (9/15)             Temple (1/1) D:4            Lair (0/6) D:8
    Orc: D:9-12

Altars:
Ashenzari
Cheibriados
Dithmenos
Elyvilon
Fedhas
Gozag
Hepliaklqana
Kikubaaqudgha
Makhleb
Nemelex Xobeh
Okawaru
Qazlal
Ru
Sif Muna
Trog
Uskayaw
Vehumet
Xom
Yredelemnul
Zin
The Shining One
Beogh

Shops:
D:4 [


Innate Abilities, Weirdness & Mutations

You reflexively headbutt those who attack you in melee.
You have a pair of horns on your head.


Message History

The manticore flicks its tail.
The volley of spikes hits you!
Evoke which item? (* to show all) (? for menu, Esc to quit)
Zapping:
N - a wand of iceblast {zapped: 3} (will waste charges)
Press: ? - help, Shift-Dir - straight line, f/p - manticore
Aim: a manticore (lightly wounded)
The mass of ice explodes!
The iceblast engulfs the manticore.
The manticore is heavily wounded.
Evoking this partially-identified wand wasted a few charges.
Evoke which item? (* to show all) (? for menu, Esc to quit)
Zapping:
N - a wand of iceblast {zapped: 5} (will waste charges)
Press: ? - help, Shift-Dir - straight line, f/p - manticore
Aim: a manticore (heavily wounded)
The mass of ice explodes!
The iceblast engulfs the manticore.
The manticore is severely wounded.
Evoking this partially-identified wand wasted a few charges.
The manticore flicks its tail.
The volley of spikes hits you!
The barbed spikes become lodged in your body.
You die...

#. #. .. #<##.#
#..#..# ##..##..#
####(.# #..#
.##.H.@## #..#
......?..###..#######
####.###...#........#
# ###..........#
#...........#
#.##........#
#.##........#
#.##.......)#
#.##.......[#


You could see a manticore.

Vanquished Creatures
  A hill giant (D:7)
  A cyclops (D:11)
  The ghost of tschems the Chopper, a novice HuFi (D:4)
  The ghost of monokles the Ducker, an amateur DsMo (D:5)
  2 hornets
  Prince Ribbit (D:7)
  4 hippogriffs
  Sigmund (D:4)
  6 yaks
  A hungry ghost (D:11)
  Menkaure (D:5)
  Edmund (D:4)
  Duvessa (D:7)
  4 orc warriors (D:8)
  2 ice beasts
  3 sky beasts
  2 phantoms
  2 centaurs
  4 ogres
  2 crocodiles (D:8)
  2 bullfrogs
  A big kobold (D:3)
  Dowan (D:7)
  2 scorpions
  3 killer bees (D:8)
  4 wights (D:6)
  2 howler monkeys
  A crimson imp (D:6)
  3 hounds
  3 orc priests
  4 iguanas
  2 jellies
  7 orc wizards
  3 centaur skeletons
  A gnoll shaman (D:4)
  Natasha (twice) (D:2)
  3 worker ants
  A hound zombie (D:7)
  A hound skeleton (D:6)
  7 gnolls
  11 adders
  4 river rats (D:8)
  2 shadow imps
  6 oozes
  An adder zombie (D:8)
  2 worms
  3 dart slugs
  4 leopard geckos
  39 orcs
  2 ball pythons
  4 giant cockroaches
  6 goblins
  7 hobgoblins
  10 jackals
  4 kobolds
  6 quokkas
  14 bats
  7 frilled lizards
  2 quokka skeletons (D:5)
  26 rats
254 creatures vanquished.

Vanquished Creatures (others)
  2 fungi (D:8)
  2 plants (D:8)
4 creatures vanquished.

Grand Total: 258 creatures vanquished

Notes
Turn   | Place    | Note
-------+----------+-------------------------------------------
     0 | D:1      | Peloso the Minotaur Fighter began the quest for the Orb.
     0 | D:1      | Reached XP level 1. HP: 19/19 MP: 0/0
    36 | D:1      | Reached XP level 2. HP: 25/27 MP: 1/1
   200 | D:1      | Reached XP level 3. HP: 27/33 MP: 2/2
   637 | D:2      | Found a basalt altar of Yredelemnul.
   671 | D:2      | Reached skill level 3 in Long Blades
   681 | D:2      | Reached XP level 4. HP: 14/40 MP: 3/3
   887 | D:2      | Noticed Natasha
   893 | D:2      | Killed Natasha
   893 | D:2      | Reached skill level 1 in Dodging
  1079 | D:2      | Reached XP level 5. HP: 46/46 MP: 4/4
  1113 | D:2      | Found a shattered altar of Ashenzari.
  1116 | D:2      | Found a sparkling altar of Nemelex Xobeh.
  1132 | D:2      | Noticed Natasha
  1211 | D:2      | Killed Natasha
  1211 | D:2      | Reached skill level 4 in Long Blades
  1211 | D:2      | Reached skill level 5 in Shields
  1288 | D:2      | Found a hazy altar of Hepliaklqana.
  2105 | D:3      | Reached XP level 6. HP: 47/53 MP: 5/5
  2274 | D:4      | Reached skill level 5 in Armour
  2403 | D:4      | Found Tivuepp's Antique Armour Shoppe.
  2408 | D:4      | Bought an embroidered cloak for 220 gold pieces
  2495 | D:4      | Noticed tschems's ghost (novice HuFi)
  2503 | D:4      | Killed tschems's ghost
  2503 | D:4      | Reached skill level 5 in Long Blades
  2503 | D:4      | Reached XP level 7. HP: 47/60 MP: 6/6
  2508 | D:4      | Noticed Sigmund
  2513 | D:4      | Killed Sigmund
  2513 | D:4      | Reached skill level 5 in Fighting
  2644 | D:4      | Noticed Edmund
  2661 | D:4      | Killed Edmund
  2661 | D:4      | Reached skill level 6 in Long Blades
  2661 | D:4      | Reached XP level 8. HP: 58/68 MP: 7/7
  2731 | D:4      | Found a staircase to the Ecumenical Temple.
  2740 | Temple   | Entered the Ecumenical Temple
  3411 | D:5      | Entered Level 5 of the Dungeon
  3413 | D:5      | Noticed Menkaure
  3420 | D:5      | Killed Menkaure
  3429 | D:5      | Reached skill level 7 in Long Blades
  3430 | D:5      | Noticed monokles's ghost (amateur DsMo)
  3567 | D:5      | Killed monokles's ghost
  3649 | D:5      | Found a hide-covered altar of Uskayaw.
  3651 | D:5      | Noticed a dagger
  3651 | D:5      | Noticed a dagger
  3681 | D:5      | Found a stormy altar of Qazlal.
  3684 | D:5      | Noticed an air elemental
  3946 | D:5      | Reached skill level 8 in Long Blades
  4145 | D:6      | Reached XP level 9. HP: 75/75 MP: 8/8
  4318 | D:6      | Found a sacrificial altar of Ru.
  4564 | D:7      | Found a sparkling altar of Nemelex Xobeh.
  4607 | D:7      | Noticed a hill giant
  4621 | D:7      | Killed a hill giant
  4621 | D:7      | Reached skill level 9 in Long Blades
  4888 | D:7      | Noticed Prince Ribbit
  4898 | D:7      | Killed Prince Ribbit
  5552 | D:7      | Reached skill level 1 in Stealth
  5594 | D:7      | Reached skill level 10 in Long Blades
  5674 | D:7      | Noticed Dowan
  5676 | D:7      | Noticed Duvessa
  5684 | D:7      | Killed Duvessa
  5698 | D:7      | Killed Dowan
  5832 | D:8      | Reached XP level 10. HP: 84/86 MP: 9/9
  6069 | D:7      | Reached skill level 11 in Long Blades
  6543 | D:8      | Found a staircase to the Lair.
  6552 | D:8      | Reached skill level 10 in Shields
  6671 | D:8      | Found a deep blue altar of Sif Muna.
  7341 | D:8      | Found a roughly hewn altar of Beogh.
  7354 | D:8      | Noticed a moth of wrath
  7357 | D:8      | Found a bloodstained altar of Trog.
  7506 | D:9      | Found a shimmering altar of Xom.
  7689 | D:9      | Found an iron altar of Okawaru.
  7706 | D:9      | Became a worshipper of Warmaster Okawaru
  8049 | D:9      | You fall through a shaft for 2 floors!
  8077 | D:11     | Reached * piety under Okawaru
  8077 | D:11     | Reached skill level 12 in Long Blades
  8283 | D:11     | Noticed a cyclops
  8287 | D:11     | Noticed a manticore
  8296 | D:11     | Killed a cyclops
  8296 | D:11     | Reached XP level 11. HP: 18/95 MP: 10/10
  8299 | D:11     | Killed from afar by a manticore

Skill      XL: |  1  2  3  4  5  6  7  8  9 10 |
---------------+-------------------------------+-----
Shields        | 4 5 6 7 8 9 10 | 10.7
Armour         | 4 5 6 7 8 9 |  9.5
Fighting       | 4 5 6 7 8 |  8.5
Long Blades    | 3 4 5 6 8 10 12 | 12.1
Dodging        | 1 2 3 4 |  4.0
Stealth        | 1 |  1.1

Action                   |  1- 3 |  4- 6 |  7- 9 | 10-12 || total
-------------------------+-------+-------+-------+-------++-------
Melee: Long sword        |    72 |   170 |   329 |   348 ||   919
       Headbutt          |    10 |    35 |    73 |    85 ||   203
Evoke: Wand              |       |       |       |     3 ||     3
  Use: Potion            |       |     1 |     1 |     1 ||     3
  Eat: Chunk             |       |     4 |    11 |    11 ||    26
       Beef jerky        |       |     1 |       |       ||     1
Armor: Scale mail        |    45 |     1 |       |       ||    46
       Chain mail        |       |   100 |   106 |    41 ||   247
       Plate armour      |       |       |       |    72 ||    72
Dodge: Dodged            |    42 |    71 |   107 |    94 ||   314
Block: Shield            |    65 |   119 |   172 |   167 ||   523
       Rpst.: Long sword |    13 |    19 |    24 |    28 ||    84
